 Dungeon Crawl Stone Soup version 0.29-a0-323-g050149af67 (webtiles) character file.

Game seed: 4707805400301227249

142 Jortsu the Ruffian (level 5, -1/50 HPs)
             Began as a Troll Fighter on Apr 12, 2022.
             Was a Follower of Nemelex Xobeh.
             Slain by a killer bee (3 damage)
             ... on level 4 of the Dungeon.
             The game lasted 00:03:02 (1189 turns).

Jortsu the Ruffian (Troll Fighter)                  Turns: 1189, Time: 00:03:02

Health: -1/50      AC:  5    Str: 24    XL:     5   Next: 3%
Magic:  4/4        EV:  7    Int:  4    God:    Nemelex Xobeh [*.....]
Gold:   107        SH: 12    Dex: 11    Spells: 4/4 levels left

rFire   . . .      SeeInvis .     - Unarmed
rCold   + . .      Faith    .   h - +0 tower shield
rNeg    . . .      Spirit   .   a - +1 robe
rPois   .          Reflect  .   (helmet restricted)
rElec   .          Harm     .   (no cloak)
rCorr   .          Rampage  .   (gloves unavailable)
Will    .....                   (boots unavailable)
Stlth   +.........              (no amulet)
HPRegen 0.96/turn               b - ring of protection from cold
MPRegen 0.09/turn               (no ring)

@: lethally poisoned (-1 -> -3)
A: large, unfitting armour, claws 3, regeneration 1, shaggy fur 1, tough skin 1
a: Renounce Religion, Draw Escape, Draw Destruction, Draw Summoning


You were on level 4 of the Dungeon.
You worshipped Nemelex Xobeh.
Nemelex Xobeh was aware of your devotion.
You visited 1 branch of the dungeon, and saw 3 of its levels.

You collected 107 gold pieces.

Inventory:

Missiles
 i - 2 throwing nets (quivered)
Armour
 a - a +1 robe (worn)
 h - a +0 tower shield (worn)
Jewellery
 b - a ring of protection from cold (left claw)
Scrolls
 e - a scroll of amnesia {unknown}
 g - a scroll of fog {unknown}
Potions
 c - 2 potions of might
 d - a potion of mutation
 f - a potion of invisibility
 j - 3 potions of heal wounds
 k - a potion of curing
 m - a potion of attraction {unknown}
 n - 2 potions of lignification {unknown}


   Skills:
 + Level 2.7 Fighting
 + Level 3.2 Dodging
 + Level 0.2 Stealth
 + Level 3.1 Shields
 + Level 3.5 Unarmed Combat


You had 4 spell levels left.
You didn't know any spells.
Your spell library contained the following spells:

 Spells                   Type           Power      Damage    Failure   Level
 Shock                    Conj/Air       0%         1d3       99%         1


Dungeon Overview and Level Annotations

Branches:
Dungeon (2/15)

Altars:
Gozag
Nemelex Xobeh

Shops:
D:1 [


Innate Abilities, Weirdness & Mutations

You are too large for most types of armour.
You have claws for hands.
Your natural rate of healing is unusually fast.
You are covered in fur. (AC +1)
You have tough skin. (AC +1)


Message History

The killer bee buzzes angrily.
You block the killer bee's attack. You block the killer bee's attack.
You claw the killer bee!
The killer bee is heavily wounded.
You block the killer bee's attack. The killer bee stings you!
You claw the killer bee!
You kill the killer bee!
Your Shields skill increases to level 3!
You have reached level 5!
You closely miss the killer bee. The killer bee stings you! x2
You are poisoned.
The killer bee poisons you! The killer bee stings you.
You block the killer bee's attack. The killer bee stings you.
You closely miss the killer bee.
You feel very sick. You block the killer bee's attack.
The killer bee stings you but does no damage.
The killer bee stings you. You block the killer bee's attack.
You closely miss the killer bee.
You feel sick. The killer bee stings you.
* * * LOW HITPOINT WARNING * * *
You block the killer bee's attack. x2
The killer bee stings you but does no damage. x2
The killer bee stings you.
* * * LOW HITPOINT WARNING * * *
You are more poisoned.
The killer bee poisons you!
You claw the killer bee!
The killer bee is severely wounded.
You feel very sick. You block the killer bee's attack.
The killer bee barely misses you. You block the killer bee's attack.
The killer bee stings you.
* * * LOW HITPOINT WARNING * * *
You barely miss the killer bee.
The killer bee is severely wounded.
* * * LOW HITPOINT WARNING * * *
You feel very sick. You block the killer bee's attack.
The killer bee stings you.
You die...
Your body disappears without a glow.

##. .. .# ..
#.## #. #..# .
#.# #..####.
#.## ##..#....
#..###.....#
#.@y......#
#...y#......#
#......###.....#
..###.. ##z..$#
# #.. ........#
##. #....##.....
#......## #....
#......# .z..
#....#.# ...


You could see 2 killer bees and a wight.

Vanquished Creatures
  A killer bee (D:4)
  Jessica (D:2)
  An adder (D:2)
  2 worms (D:2)
  2 dart slugs
  3 ball pythons
  5 bats
  7 endoplasms
  2 giant cockroaches (D:1)
  8 goblins
  3 hobgoblins (D:1)
  2 jackals (D:1)
  4 quokkas
  4 kobolds
  4 rats
49 creatures vanquished.

Vanquished Creatures (others)
  A ball python (D:1)
1 creature vanquished.

Grand Total: 50 creatures vanquished

Notes
Turn   | Place    | Note
-------+----------+-------------------------------------------
     0 | D:1      | Jortsu the Troll Fighter began the quest for the Orb.
     0 | D:1      | Reached XP level 1. HP: 22/22 MP: 0/0
    57 | D:1      | Reached XP level 2. HP: 21/29 MP: 1/1
   364 | D:1      | Reached XP level 3. HP: 30/36 MP: 2/2
   379 | D:1      | Found Noask's Antique Armour Shop.
   574 | D:1      | Found a faded altar of an unknown god.
   577 | D:1      | Got Plato's Handbook of Lightness
   578 | D:1      | Prayed at the altar of an unknown god.
   578 | D:1      | Became a worshipper of Nemelex Xobeh the Trickster
   578 | D:1      | Reached * piety under Nemelex Xobeh
   885 | D:2      | Found an opulent altar of Gozag.
   892 | D:2      | Noticed Jessica
   907 | D:2      | Killed Jessica
   908 | D:2      | Reached XP level 4. HP: 38/44 MP: 3/3
  1094 | D:2      | Received a gift from Nemelex Xobeh
  1166 | D:2      | Identified the +5 short sword "Killer Klown's Doom" {drain,
                  | Dex+2}
  1177 | D:2      | You fall into a shaft and drop 2 floors!
  1185 | D:4      | Reached XP level 5. HP: 42/50 MP: 4/4
  1189 | D:4      | HP: 2/50 [poisoned by a killer bee]
  1189 | D:4      | Slain by a killer bee

Illustrated notes

Levels and vault maps discovered:
D:1:      dpeg_arrival_refuge, layout_basic, serial_shops, shop,
          shapermc_ecumenical_altar_rom_forum
D:2:      layout_basic, basic_altar, uniq_jessica
D:4:      layout_layer_cave, temple_hall

Skill      XL: |  1  2  3  4 |
---------------+-------------+-----
Dodging        | 3 |  3.2
Unarmed Combat | 3 |  3.5
Shields        | 3 |  3.1
Fighting       | |  2.7
Stealth        | |  0.2

Action                   |  1- 3 |  4- 6 || total
-------------------------+-------+-------++-------
Melee: Unarmed           |    99 |    52 ||   151
  Use: Scroll            |     6 |     2 ||     8
 Stab: Sleeping          |     1 |       ||     1
Armor: Robe              |    24 |    18 ||    42
Dodge: Dodged            |    36 |    12 ||    48
Block: Kite shield       |    17 |       ||    17
       Tower shield      |    41 |    53 ||    94

Table legend: (Time is in decaauts)
 A = Elapsed time spent in this place.
 B = Non-inter-level travel time spent in this place.
 C = Inter-level travel time spent in this place.
 D = Time resting spent in this place.
 E = Time spent auto-exploring this place.
 F = Levels seen in this place.
 G = Mean time per level.
                   A        B        C        D        E       F      G
               +--------+--------+--------+--------+--------+-----+--------+
         Total |   1229 |   1212 |     17 |      4 |    725 |   3 |  409.7 |
       Dungeon |   1229 |   1212 |     17 |      4 |    725 |   3 |  409.7 |
               +--------+--------+--------+--------+--------+-----+--------+

Top non-repeatable levels by time:
     D:1: 853 daAuts
     D:2: 362 daAuts
     D:4: 13 daAuts
